 Dungeon Crawl Stone Soup version 0.20.1-1-g8b1a95d (webtiles) character file.

172115 Jannitor the Executioner (level 17, -5/267 HPs)
             Began as a Minotaur Chaos Knight on Sept 18, 2017.
             Slain by a wolf spider (6 damage)
             ... on level 3 of the Spider Nest on Sept 19, 2017.
             The game lasted 01:26:19 (38848 turns).

Jannitor the Executioner (Minotaur Chaos Knight)   Turns: 38848, Time: 01:26:20

Health: -5/267     AC: 19    Str: 33    XL:     17   Next: 40%
Magic:  23/23      EV: 18    Int: 12    God:    Xom [.....*]
Gold:   1065       SH:  0    Dex: 16    Spells: 16/16 levels left

rFire    + . .     SeeInvis .   b - +8 frozen axe "Frostbite" {freezing cloud, *Noise +Fly rC+}
rCold    + + .     Gourm    .   (shield currently unavailable)
rNeg     . . .     Faith    .   k - +2 chain mail {rPois}
rPois    +         Spirit   .   (helmet restricted)
rElec    +         Reflect  .   y - scarf {cloud immunity}
rCorr    .         Harm     .   D - +0 pair of gloves {Dex+3}
MR       +++..                  Z - +2 pair of boots {Stlth+}
Stlth    ..........             K - amulet of rage
Regen    0.6/turn               Q - ring of the Mage {Wiz MR++ Int+3}
MPRegen  0.2/turn               r - ring "Jeklusud" {rElec rF+ rC+ Str+3}

@: berserking, very quick
A: retaliatory headbutt, horns 2, repulsion field 2, thin metallic scales 1,
agile 1, blink, deformed body, high mp 1, robust 1, screaming 1, strong 1, wild
magic 2, evolution 2
a: Blink, Renounce Religion, Evoke Berserk Rage, Evoke Flight


You were on level 3 of the Spider Nest.
You worshipped Xom.
You were Xom's teddy bear.
You were not hungry.

You visited 4 branches of the dungeon, and saw 26 of its levels.
You also visited: Ice Cave.

You collected 2843 gold pieces.
You spent 1778 gold pieces at shops.

Inventory:

Hand Weapons
 b - the +8 frozen axe "Frostbite" (weapon) {freezing cloud, *Noise +Fly rC+}
   (You acquired it on level 3 of the Lair of Beasts)

   It has been specially enchanted to freeze those struck by it, causing extra
   injury to most foes and up to half again as much damage against particularly
   susceptible opponents.
   It can also slow down cold-blooded creatures.
   It protects you from cold.
   It lets you fly.
   It may make noises in combat.
 w - a +1 battleaxe of chopping
 O - a +5 broad axe of electrocution
Armour
 k - a +2 chain mail of poison resistance (worn)
 l - a +1 plate armour of fire resistance
 s - a +0 cloak of cold resistance
 y - a scarf of cloud immunity (worn)
 C - a +0 plate armour of magic resistance
 D - a +0 pair of gloves of dexterity (worn)
 Z - a +2 pair of boots of stealth (worn)
Jewellery
 r - the ring "Jeklusud" (right hand) {rElec rF+ rC+ Str+3}
   (You found it on level 8 of the Dungeon)

   [ring of protection from fire]

   It affects your strength (+3).
   It protects you from fire.
   It protects you from cold.
   It insulates you from electricity.
 x - an uncursed ring of flight
 E - an uncursed ring of poison resistance
 G - an uncursed ring of positive energy
 K - an amulet of rage (around neck)
 Q - the ring of the Mage (left hand) {Wiz MR++ Int+3}
   (You bought it in a shop on level 9 of the Dungeon)

   [ring of wizardry]

   It improves your spell success rate.
   It affects your intelligence (+3).
   It affects your resistance to hostile enchantments.
Wands
 e - a wand of iceblast (2/15)
 A - a wand of lightning (0/15)
 H - a wand of iceblast (8/15)
 I - a wand of acid (6/15)
 N - a wand of digging (13/24)
 P - a wand of iceblast (1/15)
 V - a wand of digging (6/24)
 W - a wand of flame (32/48)
Scrolls
 a - a scroll of silence
 g - 7 scrolls of remove curse
 h - 7 scrolls of teleportation
 i - 4 scrolls of fog
 n - 10 scrolls of identify
 o - a scroll of amnesia
 B - 5 scrolls of enchant armour
 M - 5 scrolls of recharging
 S - a scroll of magic mapping
 T - 3 scrolls of enchant weapon
Potions
 f - a potion of brilliance
 j - 7 potions of curing
 p - 2 potions of agility
 q - 3 potions of magic
 t - 6 potions of mutation
 u - 3 potions of resistance
 v - a potion of might
 U - 2 potions of ambrosia
 X - a potion of cancellation
 Y - 8 potions of flight
Miscellaneous
 F - a fan of gales (inert)
Comestibles
 c - 9 bread rations
 d - 12 meat rations
 z - 42 fruits
 J - 28 royal jellies


   Skills:
 + Level 17.4 Fighting
 * Level 23.6 Axes
 + Level 16.5 Armour
 + Level 7.8 Dodging
 - Level 7.5 Evocations


You had 16 spell levels left.
You didn't know any spells.

Dungeon Overview and Level Annotations

Branches:
Dungeon (15/15)            Temple (0/1) D:5            Lair (6/6) D:9
  Swamp (0/4) Lair:2       Spider (3/4) Lair:3        Slime (0/5) Lair:6
    Orc (2/2) D:11            Elf (0/3) Orc:2        Vaults (0/5) D:14
 Depths (0/5) D:15

Altars:
Ashenzari
Cheibriados
Makhleb
Okawaru
Ru
Xom
Beogh
Jiyva

Shops:
D:7 %   D:9 ==   D:11 [   Orc:2 :[?%

Portals:
Pandemonium: Orc:2

Annotations:
D:14 2 runed doors
Spider:3 1 runed door


Innate Abilities, Weirdness & Mutations

You reflexively headbutt those who attack you in melee.
You have a pair of horns on your head.
You are surrounded by a moderate repulsion field. (EV +3)
You are partially covered in thin metallic scales. (AC +2)
You are agile. (Dex +2)
You can translocate small distances at will.
Armour fits poorly on your strangely shaped body.
You have an increased reservoir of magic. (+10% MP)
You are robust. (+10% HP)
You occasionally shout uncontrollably at your foes.
Your muscles are strong. (Str +2)
Your spells are harder to cast, but more powerful.
You rapidly evolve.


Message History

The wolf spider is engulfed in freezing vapours.
The wolf spider hits you.
* * * LOW HITPOINT WARNING * * *
The wolf spider bites you.
* * * LOW HITPOINT WARNING * * *
The jumping spider pounces on you.
* * * LOW HITPOINT WARNING * * *
You are caught in a web!
The jumping spider bites you but does no damage.
The web tears apart.
You feel a strong urge to attack something.
The wolf spider hits you!
* * * LOW HITPOINT WARNING * * *
Xom is amused.
The wolf spider bites you.
* * * LOW HITPOINT WARNING * * *
Xom is highly amused!
The wolf spider hits you.
You die...
Xom snickers!

.#.....................^#
...#.......#........)...#
...............>.......^#
#..).#.............s#####
#.............#.....#
##..................#
.##..............^..#
..^........#....s...####
..^.......^.....@s......#
........../..††.ss...^..+
.....).#......<.........#
)...............(...#####
.....^..............# #
......#.^...........# #
...#................# #
..>.............s...## #
..........#..........####
#


You could see 3 wolf spiders and 3 jumping spiders.

Vanquished Creatures
  Arachne (Spider:3)
  Jorgrun (Spider:2)
  A storm dragon (D:12)
  Donald (Spider:3)
  An orc warlord (D:12)
  A frost giant (IceCv)
  The ghost of gwathlobal the Impaler, a journeyman HOFi of Beogh (Spider:2)
  A ghost moth (Spider:2)
  A caustic shrike zombie (D:15)
  The ghost of Timinator the Fighter, a journeyman DrIE of Xom (Orc:2)
  4 emperor scorpions
  4 entropy weavers
  A spark wasp (Spider:3)
  Snorg (D:14)
  The ghost of krupnik1 the Severer, a journeyman GrFi of the Shining One (D:13)
  A great orb of eyes (D:9)
  Fannar (D:11)
  5 hydras
  A catoblepas (Lair:6)
  2 centaur warriors
  3 death knights
  A deep troll shaman (Lair:6)
  2 ogre magi (D:15)
  A tengu warrior (D:12)
  11 two-headed ogres
  6 death yaks (Lair:6)
  6 orc high priests (Orc:2)
  A queen ant (Lair:3)
  Urug (D:15)
  A sun demon (Orc:2)
  Nergalle (Lair:1)
  A sixfirhy (Orc:2)
  3 skeletal warriors
  3 unseen horrors
  A gelid demonspawn (Orc:2)
  A torturous demonspawn (Orc:2)
  2 wizards (D:14)
  An infernal demonspawn (Orc:2)
  6 orc knights
  A lindwurm (Lair:6)
  A phantasmal warrior (D:15)
  17 orb spiders
  A mana viper (Lair:5)
  26 wolf spiders
  5 cyclopes
  12 orc sorcerers
  12 ugly things
  A manticore (D:15)
  2 moths of wrath (Spider:1)
  7 elephants
  2 salamanders
  2 black mambas
  2 ice statues (IceCv)
  A gargoyle (D:10)
  4 spiny frogs
  A yaktaur zombie (D:15)
  7 komodo dragons
  6 freezing wraiths
  2 rime drakes
  5 demonic crawlers
  2 kobold demonologists
  3 tengu conjurers
  An ice devil (Orc:2)
  An efreet (D:15)
  A hellwing (Orc:2)
  28 jumping spiders
  14 trolls
  3 meliai (D:13)
  19 polar bears
  14 blink frogs
  5 hornets
  12 slime creatures
  8 hippogriffs
  4 dream sheep (Lair:6)
  A meliai zombie (D:12)
  A shadow (D:13)
  57 redbacks
  An ettin skeleton (D:15)
  31 tarantellas
  A tarantella (shapeshifter) (D:15)
  2 wyverns
  A vampire (D:13)
  2 wraiths
  A ynoxinul (Orc:2)
  An elf zombie (D:15)
  Eustachio (D:5)
  A spriggan (shapeshifter) (Lair:1)
  43 yaks
  2 basilisks
  4 steam dragons
  A wyvern (shapeshifter) (Lair:5)
  3 hungry ghosts
  3 acid dragons
  5 soldier ants
  14 water moccasins
  9 porcupines
  Purgy (D:4)
  3 sky beasts
  A swamp drake (shapeshifter) (Orc:2)
  2 black bears
  3 phantoms
  38 orc warriors
  22 wolves
  2 eyes of draining
  14 centaurs
  13 ogres
  10 crocodiles
  The ghost of letownia the Insei, an amateur OpTm (D:4)
  A crocodile (shapeshifter) (D:8)
  A gnoll sergeant (Orc:2)
  23 bullfrogs
  A wyvern skeleton (D:13)
  A scorpion (shapeshifter) (D:6)
  2 scorpions
  19 killer bees (Lair:1)
  8 wights
  5 electric eels
  12 crimson imps
  3 howler monkeys
  3 centaur zombies
  A quasit (D:7)
  6 jellies
  32 orc priests
  7 centaur skeletons
  6 hounds
  3 iguanas
  A bullfrog skeleton (D:13)
  39 worker ants
  32 orc wizards
  6 hell rats (Lair:2)
  2 hound zombies
  A hound skeleton (D:11)
  A worker ant zombie (D:10)
  Robin (D:2)
  12 adders
  13 river rats (Lair:2)
  7 gnolls
  3 shadow imps
  12 white imps (Lair:5)
  An ooze (D:6)
  An adder skeleton (D:5)
  3 worms
  A dart slug (D:2)
  8 leopard geckos
  93 orcs
  8 bats
  5 giant cockroaches
  22 goblins
  10 hobgoblins
  10 jackals
  10 kobolds
  6 quokkas
  6 frilled lizards
  A quokka skeleton (D:8)
  A quokka zombie (D:7)
  18 rats
  A bush (Lair:6)
  4 fungi
  7 plants
  2 withered plants (D:15)
1092 creatures vanquished.

Vanquished Creatures (collateral kills)
  A wolf spider (Spider:1)
  An elephant (Lair:6)
  A blink frog (Lair:6)
  A yak (Lair:1)
  A ynoxinul (Orc:2)
  An orc warrior (Orc:2)
  An ogre (D:4)
  2 orc priests (Orc:2)
  3 gnolls (D:4)
  A river rat (Lair:2)
  A giant cockroach (D:4)
  A jackal (D:4)
15 creatures vanquished.

Vanquished Creatures (others)
  A dancing weapon (Orc:2)
  A necromancer (D:15)
  A redback (Spider:1)
  A tarantella (Spider:3)
  A crimson imp (D:3)
  8 fungi
  8 plants
  2 withered plants (D:15)
23 creatures vanquished.

Grand Total: 1130 creatures vanquished

Notes
Turn   | Place    | Note
-------+----------+-------------------------------------------
     0 | D:1      | Jannitor the Minotaur Chaos Knight began the quest for the Orb.
     0 | D:1      | Reached XP level 1. HP: 19/19 MP: 0/0
   111 | D:1      | Reached XP level 2. HP: 22/27 MP: 1/1
   136 | D:1      | Reached skill level 4 in Axes
   209 | D:1      | XOM: silly message
   346 | D:1      | XOM: potion effect (agility)
   442 | D:1      | XOM: cast spell 'Call Canine Familiar'
   445 | D:1      | XOM: harmless Air miscast
   677 | D:2      | XOM: noise
   679 | D:2      | Reached XP level 3. HP: 33/33 MP: 2/2
   697 | D:2      | Noticed Robin
   717 | D:2      | Killed Robin
   953 | D:2      | XOM is BORED!
   953 | D:2      | XOM: 10-stop teleportation journey
   955 | D:2      | Reached XP level 4. HP: 39/40 MP: 3/3
  1202 | D:2      | XOM: god gift: smoking helmet {god gift}
  1225 | D:2      | XOM: god gift: fizzy dark potion {god gift}
  1254 | D:2      | XOM: scenery: create altars
  2007 | D:2      | Reached skill level 5 in Axes
  2395 | D:3      | XOM: medium Fire miscast
  2448 | D:2      | XOM: stat loss: -1 Int (8/9)
  2547 | D:2      | Identified Xom's Tome of Distraction (Xom gifted it to you on level 2 of the Dungeon)
  2547 | D:2      | XOM: god gift: Xom's Tome of Distraction
  2703 | D:3      | Reached XP level 5. HP: 15/47 MP: 4/4
  2935 | D:3      | Found a snail-covered altar of Cheibriados.
  3117 | D:3      | XOM: scenery: 2 doors open
  3131 | D:3      | XOM: divine lightning
  3147 | D:3      | Reached skill level 5 in Armour
  3182 | D:3      | XOM: give mutations
  3182 | D:3      | Gained mutation: Your muscles are strong. (Str +2) [Xom's grace]
  3182 | D:3      | Gained mutation: Your system is resistant to poisons. (rPois) [Xom's grace]
  3492 | D:2      | XOM: scenery: create altars
  3837 | D:3      | Reached XP level 6. HP: 55/55 MP: 5/5
  3978 | D:4      | XOM: 1-stop teleportation journey
  3985 | D:4      | Reached skill level 5 in Fighting
  3985 | D:4      | Reached skill level 6 in Axes
  4147 | D:4      | XOM: divination: magic mapping
  4189 | D:4      | Noticed Purgy
  4202 | D:4      | Killed Purgy
  4202 | D:4      | Reached XP level 7. HP: 50/62 MP: 6/6
  4605 | D:4      | Noticed letownia's ghost (amateur OpTm)
  4609 | D:4      | Killed letownia's ghost
  4782 | D:5      | Entered Level 5 of the Dungeon
  4782 | D:5      | XOM: silly message
  4876 | D:5      | XOM: 1-stop teleportation journey
  4944 | D:5      | XOM: 1-stop teleportation journey
  5081 | D:5      | Noticed Eustachio
  5083 | D:5      | XOM: cast spell 'Alistair's Intoxication'
  5091 | D:5      | Killed Eustachio
  5091 | D:5      | Reached skill level 7 in Axes
  5107 | D:5      | XOM: noise
  5120 | D:5      | Reached XP level 8. HP: 61/71 MP: 7/7
  5310 | D:5      | Found a staircase to the Ecumenical Temple.
  5554 | D:6      | Reached skill level 8 in Axes
  6011 | D:6      | Noticed a hippogriff
  6025 | D:6      | Killed a hippogriff
  6185 | D:6      | XOM: polymorph worm -> ooze
  6442 | D:7      | Reached skill level 9 in Axes
  6442 | D:7      | Reached XP level 9. HP: 81/82 MP: 8/8
  6560 | D:7      | Found a shimmering altar of Xom.
  6560 | D:7      | Found a shattered altar of Ashenzari.
  6567 | D:7      | XOM: harmless Hex miscast
  6611 | D:7      | Found Tyturokh's Food Shop.
  6622 | D:7      | XOM: summons friendly shadow imp
  6624 | D:7      | Reached skill level 1 in Evocations
  6631 | D:7      | XOM: polymorph shadow imp -> quasit
  6645 | D:7      | Gained mutation: You are somewhat resistant to further mutation. [mutagenic meat]
  6739 | D:7      | XOM: confusion (+ monsters)
  6822 | D:7      | XOM: 10-stop teleportation journey
  6864 | D:7      | Found a roughly hewn altar of Beogh.
  6865 | D:7      | Noticed Prince Ribbit
  6865 | D:7      | XOM: fog
  7026 | D:7      | XOM: confusion (+ monsters)
  7035 | D:7      | Noticed Prince Ribbit
  7035 | D:7      | Prince Ribbit changed into Prince Ribbit the soldier ant
  7046 | D:7      | Killed Prince Ribbit the soldier ant
  7412 | D:7      | XOM: harmless Ice miscast
  8057 | D:8      | Reached skill level 10 in Armour
  8067 | D:8      | Reached skill level 10 in Axes
  8194 | D:8      | Noticed a two-headed ogre
  8200 | D:8      | Noticed a wolf spider
  8200 | D:8      | a two-headed ogre changed into a wolf spider
  8200 | D:8      | XOM: polymorph two-headed ogre -> wolf spider
  8201 | D:8      | XOM: confuse monster(s)
  8204 | D:8      | Killed a wolf spider
  8204 | D:8      | Reached XP level 10. HP: 93/93 MP: 11/11
  8369 | D:8      | Reached skill level 10 in Fighting
  8449 | D:8      | XOM: harmless Tmut miscast
  8485 | D:8      | XOM: cast spell 'Summon Butterflies'
  8799 | D:8      | XOM: god gift: 18 gold pieces
  8841 | D:8      | Got a bound golden ring
  8988 | D:8      | XOM: cloud trail
  9248 | D:9      | XOM: god gift: opal ring {god gift}
  9253 | D:9      | Identified the ring "Jeklusud" {rElec rF+ rC+ Str+3} (You found it on level 8 of the Dungeon)
  9557 | D:9      | Found a staircase to the Lair.
  9564 | D:9      | Found Itakye's Jewellery Emporium.
  9688 | D:9      | Found Foej's Jewellery Boutique.
  9899 | D:9      | Noticed a white ugly thing
  9907 | D:9      | Noticed a great orb of eyes
  9907 | D:9      | a white ugly thing changed into a great orb of eyes
  9907 | D:9      | XOM: polymorph white ugly thing -> great orb of eyes
  9909 | D:9      | Killed a great orb of eyes
 10014 | Lair:1   | Entered Level 1 of the Lair of Beasts
 10024 | Lair:1   | XOM: 1-stop teleportation journey
 10042 | Lair:1   | XOM: 2-stop teleportation journey
 10043 | Lair:1   | XOM: divination: detect items
 10061 | Lair:1   | Reached skill level 11 in Axes
 10061 | Lair:1   | XOM: destruction
 10070 | Lair:1   | Noticed Nergalle
 10074 | Lair:1   | XOM: summons friendly chaos spawn
 10091 | Lair:1   | Noticed a spectral orc warlord
 10097 | Lair:1   | Killed Nergalle
 10097 | Lair:1   | Reached skill level 5 in Evocations
 10101 | Lair:1   | XOM: scenery: create altars
 10202 | Lair:1   | XOM: scenery: create altars
 10235 | Lair:1   | XOM: scenery: create altars
 10270 | Lair:1   | Reached XP level 11. HP: 95/102 MP: 12/14
 10285 | Lair:1   | XOM: smoke on damage
 10308 | Lair:1   | Noticed a four-headed hydra
 10366 | Lair:1   | XOM: give mutations
 10366 | Lair:1   | Gained mutation: You have a pair of large horns on your head. [Xom's grace]
 10366 | Lair:1   | Gained mutation: You have a somewhat thin skeletal structure. (Dex +2, Stealth) [Xom's grace]
 10366 | Lair:1   | Gained mutation: You are surrounded by a mild repulsion field. (EV +2) [Xom's grace]
 10755 | Lair:1   | XOM: polymorph queen bee -> something unseen
 10920 | Lair:1   | XOM: harmless Air miscast
 10935 | Lair:1   | XOM: give mutation
 10935 | Lair:1   | Gained mutation: Your body sometimes deteriorates upon taking damage. [Xom's mischief]
 11143 | Lair:1   | XOM: mild Erth miscast
 11499 | Lair:1   | Killed a four-headed hydra
 11543 | Lair:1   | XOM: 3-stop teleportation journey
 11628 | Lair:1   | Noticed a seven-headed hydra
 11632 | Lair:1   | Killed a seven-headed hydra
 11830 | Lair:2   | XOM: stealth player
 11866 | Lair:2   | Noticed an eight-headed hydra
 11870 | Lair:2   | Killed an eight-headed hydra
 11870 | Lair:2   | Reached skill level 12 in Axes
 11870 | Lair:2   | XOM: blink monster(s)
 11975 | Lair:2   | Noticed a seven-headed hydra
 11979 | Lair:2   | XOM: repel stairs
 11983 | Lair:2   | Noticed an entropy weaver
 11983 | Lair:2   | a seven-headed hydra changed into an entropy weaver
 12317 | Lair:2   | XOM: cast spell 'Summon Butterflies'
 12326 | Lair:2   | Killed an entropy weaver
 12380 | Lair:2   | XOM: harmless Hex miscast
 12534 | Lair:3   | XOM: polymorph yak -> soldier ant
 12557 | Lair:2   | XOM: summons friendly quasit
 12684 | Lair:3   | XOM: fake destruction
 12695 | Lair:3   | Reached XP level 12. HP: 56/113 MP: 16/16
 12970 | Lair:2   | XOM: polymorph tyrant leech -> wolf spider
 13368 | Lair:2   | XOM: give mutation
 13368 | Lair:2   | Gained mutation: You are surrounded by a moderate repulsion field. (EV +3) [Xom's grace]
 13463 | Lair:2   | Found a staircase to the Swamp.
 13501 | Lair:2   | XOM: confuse monster(s)
 13502 | Lair:2   | XOM: summons friendly crimson imp
 13929 | Lair:3   | Noticed a queen ant
 13940 | Lair:3   | Killed a queen ant
 14022 | Lair:3   | XOM: god gift: scroll labeled TEMEAH UTHROFF {god gift}
 14024 | Lair:3   | Identified a scroll of acquirement
 14093 | Lair:3   | XOM: scenery: create altars
 14130 | Lair:3   | Reached skill level 13 in Axes
 14260 | Lair:3   | XOM: god gift: scroll of fog
 14282 | Lair:3   | XOM: harmless Summ miscast
 14363 | Lair:3   | XOM: divination: magic mapping
 14370 | Lair:3   | XOM: enchant monster (bad)
 14517 | Lair:3   | Found a hole to the Spider Nest.
 14532 | Lair:3   | XOM: confuse monster(s)
 15097 | Lair:4   | Reached skill level 14 in Axes
 15220 | Lair:4   | XOM: give mutations
 15220 | Lair:4   | Lost mutation: You are somewhat resistant to further mutation. [Xom's grace]
 15220 | Lair:4   | Gained mutation: You evolve. [Xom's grace]
 15220 | Lair:4   | Gained mutation: You have sharp toenails. [Xom's grace]
 15245 | Lair:4   | XOM: cleaving
 15397 | Lair:4   | Lost mutation: You evolve. [potion of mutation]
 15397 | Lair:4   | Lost mutation: You have a somewhat thin skeletal structure. (Dex +2, Stealth) [potion of mutation]
 15397 | Lair:4   | Lost mutation: Your system is resistant to poisons. (rPois) [potion of mutation]
 15397 | Lair:4   | Lost mutation: Your body sometimes deteriorates upon taking damage. [potion of mutation]
 15397 | Lair:4   | Gained mutation: You are partially covered in large bone plates. (SH +4) [potion of mutation]
 15397 | Lair:4   | Gained mutation: You are agile. (Dex +2) [potion of mutation]
 15501 | Lair:4   | Identified Vehumet's Incunabulum of Combat Magic
 15586 | Lair:4   | XOM: god gift: 26 gold pieces
 16005 | Lair:5   | XOM: polymorph elephant -> mana viper
 16042 | Lair:5   | Found a frozen archway.
 16070 | Lair:5   | Reached skill level 15 in Axes
 16074 | Lair:5   | XOM: polymorph blink frog -> wyvern
 16142 | Lair:5   | XOM: mild Summ miscast
 16158 | IceCv    | Entered an ice cave
 16160 | IceCv    | XOM: blink monster(s)
 16161 | IceCv    | XOM: blink monster(s)
 16162 | IceCv    | XOM: confuse monster(s)
 16330 | IceCv    | XOM: god gift: scroll labeled NOLEID TAMUSKO {god gift}
 16339 | IceCv    | Reached XP level 13. HP: 123/123 MP: 17/17
 16523 | IceCv    | XOM: mild Conj miscast
 16562 | IceCv    | XOM: enchant monster (good)
 16746 | IceCv    | XOM: divination: detect items
 16747 | IceCv    | Reached skill level 16 in Axes
 16771 | IceCv    | XOM: 2-stop teleportation journey
 16986 | IceCv    | Noticed a frost giant
 16999 | IceCv    | Killed a frost giant
 17084 | IceCv    | XOM: give mutations
 17084 | IceCv    | Lost mutation: You are partially covered in large bone plates. (SH +4) [Xom's mischief]
 17084 | IceCv    | Gained mutation: You are frail. (-10% HP) [Xom's mischief]
 17505 | Lair:5   | XOM: scenery: 1 doors close
 17661 | Lair:5   | XOM: harmless Conj miscast
 17958 | Lair:6   | Entered Level 6 of the Lair of Beasts
 17979 | Lair:6   | Reached skill level 17 in Axes
 17989 | Lair:6   | XOM: enchant monster (bad)
 17995 | Lair:6   | XOM: enchant monster (bad)
 18523 | Lair:6   | XOM: summons 5 friendly demons
 18596 | Lair:6   | XOM: summons 13 friendly demons
 18840 | Lair:6   | XOM: torment (56/110 hp)
 19101 | Lair:6   | Found a viscous altar of Jiyva.
 19101 | Lair:6   | Found a staircase to the Slime Pits.
 19304 | Lair:6   | XOM: confuse monster(s)
 19306 | Lair:6   | Reached skill level 18 in Axes
 19436 | Lair:6   | XOM: summons 13 friendly demons
 19453 | Lair:6   | Identified Sif Muna's Volume of Torrid Augmentations
 19492 | Lair:6   | XOM: confusion (+ monsters)
 19493 | Lair:6   | XOM: summons 2 friendly demons
 19600 | Lair:6   | Reached XP level 14. HP: 111/117 MP: 18/18
 19846 | D:5      | XOM: divination: magic mapping
 19989 | D:10     | Entered Level 10 of the Dungeon
 19994 | D:10     | XOM: enchant monster (bad)
 20001 | D:10     | Reached skill level 19 in Axes
 20039 | D:10     | Paralysed by a hornet for 2 turns
 20043 | D:10     | Paralysed by a hornet for 3 turns
 20590 | D:10     | XOM: harmless Tmut miscast
 20598 | D:10     | Found a sacrificial altar of Ru.
 20857 | D:10     | XOM: give mutations
 20857 | D:10     | Lost mutation: You are frail. (-10% HP) [Xom's grace]
 20857 | D:10     | Gained mutation: Your mind is acute. (Int +2) [Xom's grace]
 20857 | D:10     | Gained mutation: You are partially covered in thin metallic scales. (AC +2) [Xom's grace]
 21225 | D:11     | Found Guysump's Antique Armour Emporium.
 21251 | D:11     | Bought a shiny chain mail for 210 gold pieces
 21336 | D:11     | Found a staircase to the Orcish Mines.
 21347 | D:11     | Noticed Fannar
 21350 | D:11     | XOM: enchant monster (good)
 21365 | D:11     | Killed Fannar
 21640 | D:11     | XOM: medium Pois miscast
 21892 | Orc:1    | Entered Level 1 of the Orcish Mines
 21900 | Orc:1    | XOM: cast spell 'Summon Butterflies'
 21979 | D:9      | Bought the ring of the Mage {Wiz MR++ Int+3} for 568 gold pieces
 22414 | Orc:1    | XOM: mild Hex miscast
 22719 | Orc:2    | Entered Level 2 of the Orcish Mines
 22719 | Orc:2    | Found a burning altar of Makhleb.
 22975 | Orc:1    | XOM: harmless Summ miscast
 23370 | Orc:2    | Found a roughly hewn altar of Beogh.
 23387 | Orc:2    | Found a staircase to the Elven Halls.
 23545 | Orc:2    | XOM: 1-stop teleportation journey
 23853 | Orc:2    | Found Warovearph's Food Boutique.
 23858 | Orc:2    | XOM: confuse monster(s)
 23909 | Orc:2    | XOM: confuse monster(s)
 23957 | Orc:1    | XOM: noise
 24061 | Orc:2    | Noticed Timinator's ghost (journeyman DrIE)
 24061 | Orc:2    | XOM: medium Tmut miscast
 24100 | Orc:2    | Killed Timinator's ghost
 24163 | Orc:2    | Found Xeistri's Magic Scroll Shop.
 24184 | Orc:2    | Reached skill level 20 in Axes
 24314 | Orc:2    | XOM: cast spell 'Call Canine Familiar'
 24345 | Orc:2    | XOM: polymorph rust devil -> chaos spawn
 24613 | Orc:2    | XOM: give mutations
 24613 | Orc:2    | Gained mutation: You are frail. (-10% HP) [Xom's mischief]
 24613 | Orc:2    | Gained mutation: Armour fits poorly on your strangely shaped body. [Xom's mischief]
 24613 | Orc:2    | Lost mutation: You have sharp toenails. [Xom's mischief]
 24903 | Orc:2    | XOM: noise
 24911 | Orc:2    | XOM: polymorph neqoxec -> smoke demon
 25165 | Orc:2    | Found Qonixip's Book Emporium.
 25165 | Orc:2    | Found a one-way gate leading to the halls of Pandemonium.
 25165 | Orc:2    | Found Dyqous's Antique Armour Shoppe.
 25169 | Orc:2    | Bought a runed plate armour for 832 gold pieces
 25226 | Orc:2    | XOM: enchant monster (bad)
 25266 | Orc:2    | XOM: polymorph warg -> wolf
 25403 | D:12     | XOM: enchant monster (good)
 25409 | D:12     | Reached skill level 15 in Fighting
 25417 | D:12     | XOM: blink monster(s)
 25430 | D:12     | XOM: summons 14 friendly demons
 25686 | D:12     | Reached XP level 15. HP: 124/126 MP: 19/19
 25761 | D:12     | XOM: harmless Hex miscast
 25777 | D:12     | Noticed a storm dragon
 25777 | D:12     | a seven-headed hydra changed into a storm dragon
 25778 | D:12     | XOM: potion effect (agility)
 25810 | D:12     | Noticed an orc warlord
 25912 | D:11     | XOM: noise
 26213 | Spider:1 | Entered Level 1 of the Spider Nest
 26222 | Spider:1 | XOM: smoke on damage
 26322 | Spider:1 | XOM: cloud trail
 26371 | Spider:1 | XOM: divination: detect creatures
 26374 | Spider:1 | XOM: harmless Pois miscast
 26381 | Spider:1 | Reached skill level 21 in Axes
 26388 | Spider:1 | XOM: silly message
 26402 | Lair:3   | XOM: divination: magic mapping
 26722 | Spider:1 | XOM: noise
 26734 | Spider:1 | XOM: cast spell 'Summon Butterflies'
 27102 | Spider:1 | XOM: medium Necr miscast
 27870 | Spider:1 | XOM: mild Ice miscast
 27884 | Spider:1 | XOM: smoke on damage
 27886 | Spider:1 | XOM: summons 3 hostile shadow creatures
 27972 | Spider:1 | XOM: confusion
 27975 | Spider:1 | XOM: enchant monster (bad)
 28297 | Spider:1 | XOM: give mutation
 28297 | Spider:1 | Gained mutation: Your muscles are very strong. (Str +4) [Xom's mischief]
 28636 | Spider:1 | XOM: mild Conj miscast
 28778 | Spider:1 | XOM: medium Summ miscast
 28779 | Spider:1 | XOM: scenery: create altars
 28838 | Spider:1 | XOM: scenery: create altars
 29074 | Spider:1 | XOM: cloud trail
 29195 | Spider:2 | Noticed gwathlobal's ghost (journeyman HOFi)
 29207 | Spider:2 | Killed gwathlobal's ghost
 29481 | Spider:1 | XOM: scenery: create altars
 29646 | Spider:1 | XOM: fog
 29670 | Spider:1 | XOM: cast spell 'Summon Horrible Things'
 29877 | Spider:1 | XOM: give mutations
 29877 | Spider:1 | Gained mutation: You can translocate small distances at will. [Xom's grace]
 29877 | Spider:1 | Gained mutation: Your system is resistant to poisons. (rPois) [Xom's grace]
 29877 | Spider:1 | Gained mutation: You have an increased reservoir of magic. (+10% MP) [Xom's grace]
 29877 | Spider:1 | Gained mutation: You are covered in fur. (AC +1) [Xom's grace]
 30136 | Spider:2 | Reached skill level 15 in Armour
 30235 | Spider:2 | XOM: cast spell 'Necromutation'
 30310 | Spider:2 | XOM: enchant monster (good)
 30444 | Spider:2 | XOM: scenery: create altars
 30676 | Spider:2 | XOM: scenery: create altars
 30842 | Spider:2 | Reached skill level 22 in Axes
 30900 | Spider:2 | XOM: severe Conj miscast
 30911 | Spider:2 | XOM: divination: detect creatures
 31167 | Spider:2 | XOM: medium Fire miscast
 31169 | Spider:2 | XOM: enchant monster (bad)
 31187 | Spider:2 | Killed a ghost moth
 31187 | Spider:2 | XOM: blink monster(s)
 31198 | Spider:2 | Reached XP level 16. HP: 135/135 MP: 2/22
 31233 | Spider:2 | XOM: enchant monster (bad)
 31616 | Spider:2 | XOM: confusion
 31975 | Spider:2 | XOM: enchant monster (good)
 32154 | Spider:3 | Noticed Jorgrun
 32180 | Spider:2 | XOM: silly message
 32281 | Spider:2 | XOM: give mutations
 32281 | Spider:2 | Gained mutation: Your spells are a little harder to cast, but a little more powerful. [Xom's grace]
 32281 | Spider:2 | Gained mutation: You are resistant to hostile enchantments. (MR+) [Xom's grace]
 32281 | Spider:2 | Gained mutation: You evolve. [Xom's grace]
 32318 | Spider:2 | Killed Jorgrun
 32357 | Spider:1 | XOM is BORED!
 32357 | Spider:1 | XOM: give mutations
 32357 | Spider:1 | Lost mutation: Your system is resistant to poisons. (rPois) [Xom's mischief]
 32357 | Spider:1 | Lost mutation: You are resistant to hostile enchantments. (MR+) [Xom's mischief]
 32605 | Orc:2    | Bought a scroll of teleportation for 42 gold pieces
 32605 | Orc:2    | Bought a scroll of teleportation for 42 gold pieces
 32605 | Orc:2    | Bought a scroll of teleportation for 42 gold pieces
 32605 | Orc:2    | Bought a scroll of teleportation for 42 gold pieces
 32770 | D:12     | Killed a storm dragon
 32930 | D:12     | XOM: repel stairs
 33091 | D:12     | XOM: smoke on damage
 33093 | D:12     | XOM: scenery: create altars
 33507 | D:12     | XOM: medium Necr miscast
 33554 | D:12     | Lost mutation: You are frail. (-10% HP) [evolution]
 33926 | D:13     | Reached skill level 5 in Dodging
 34357 | D:13     | Noticed krupnik1's ghost (journeyman GrFi)
 34366 | D:13     | Killed krupnik1's ghost
 34573 | D:13     | XOM: give mutations
 34573 | D:13     | Lost mutation: Your mind is acute. (Int +2) [Xom's mischief]
 34573 | D:13     | Lost mutation: You have a pair of large horns on your head. [Xom's mischief]
 34573 | D:13     | Gained mutation: You have sharp toenails. [Xom's mischief]
 34604 | D:13     | XOM: enchant monster (bad)
 34999 | D:13     | XOM: stat loss: -1 Str (29/30)
 35195 | D:13     | XOM: medium Conj miscast
 35247 | D:14     | Found a runed door.
 35273 | D:14     | Found an iron altar of Okawaru.
 35277 | D:14     | XOM: god gift: wand of random effects (?/48) {god gift}
 35318 | D:14     | XOM: destruction
 35343 | D:14     | Found a gate to the Vaults.
 35438 | D:14     | Noticed Snorg
 35443 | D:14     | Killed Snorg
 35536 | D:14     | XOM: mild Pois miscast
 35681 | D:14     | XOM: 8-stop teleportation journey
 35756 | D:14     | Found a runed door.
 36034 | D:15     | Entered Level 15 of the Dungeon
 36034 | D:15     | Noticed Urug
 36037 | D:15     | XOM: enchant monster (good)
 36042 | D:15     | Killed Urug
 36071 | D:15     | Found a staircase to the Depths.
 36072 | D:15     | XOM: fake destruction
 36075 | D:15     | XOM: god gift: wand of polymorph (?/24) {god gift}
 36078 | D:15     | XOM: divine lightning
 36291 | D:15     | XOM: scenery: create altars
 36302 | D:15     | Reached skill level 23 in Axes
 36318 | D:15     | XOM: enchant monster (good)
 36341 | D:15     | XOM: enchant monster (good)
 36683 | D:15     | XOM: enchant monster (good)
 36694 | D:15     | XOM: summons 7 friendly demons
 36710 | D:15     | Lost mutation: Your muscles are very strong. (Str +4) [mutagenic meat]
 36714 | D:15     | Gained mutation: You are dopey. (Int -2) [mutagenic meat]
 36733 | D:15     | Reached XP level 17. HP: 145/161 MP: 23/23
 36755 | D:15     | XOM: cleaving
 36758 | D:15     | XOM: medium Pois miscast
 37095 | D:15     | Lost mutation: You are covered in fur. (AC +1) [mutagenic meat]
 37096 | D:15     | Lost mutation: You have sharp toenails. [mutagenic meat]
 37117 | D:15     | Found a shattered altar of Ashenzari.
 37443 | D:10     | XOM: medium Ice miscast
 37647 | Spider:3 | XOM: harmless Necr miscast
 37650 | Spider:3 | XOM: mild Ice miscast
 37837 | Spider:3 | Noticed Donald
 37871 | Spider:3 | Killed Donald
 37875 | Spider:3 | Identified the cursed -1 shield of Xaefrul {rF+} (You took it off Donald on level 3 of the Spider Nest)
 38157 | Spider:3 | XOM: god gift: spear {god gift}
 38161 | Spider:3 | XOM: divine lightning
 38381 | Spider:2 | XOM: cloud trail
 38414 | Spider:2 | XOM: give mutations
 38414 | Spider:2 | Gained mutation: Your spells are harder to cast, but more powerful. [Xom's grace]
 38414 | Spider:2 | Lost mutation: You are dopey. (Int -2) [Xom's grace]
 38414 | Spider:2 | Gained mutation: You rapidly evolve. [Xom's grace]
 38414 | Spider:2 | Gained mutation: You are robust. (+10% HP) [Xom's grace]
 38430 | Spider:2 | Gained mutation: You occasionally shout uncontrollably at your foes. [evolution]
 38778 | Spider:3 | Noticed Arachne
 38792 | Spider:3 | XOM: polymorph tarantella -> jumping spider
 38800 | Spider:3 | Killed Arachne
 38840 | Spider:3 | Found a runed door.
 38848 | Spider:3 | HP: 7/267 [wolf spider (17)]
 38848 | Spider:3 | HP: 1/267 [wolf spider (6)]
 38848 | Spider:3 | Slain by a wolf spider

Skill      XL: |  1  2  3  4  5  6  7  8  9 10 11 12 13 14 15 16 17 |
---------------+----------------------------------------------------+-----
Axes           | 4 5 6 7 9 10 11 12 15 18 20 22 23 | 23.6
Armour         | 3 4 5 6 7 8 10 11 12 14 15 16 | 16.5
Fighting       | 4 5 6 8 9 11 12 13 15 16 17 | 17.4
Evocations     | 3 5 7 |  7.5
Dodging        | 3 6 7 |  7.8

Action                   |  1- 3 |  4- 6 |  7- 9 | 10-12 | 13-15 | 16-18 || total
-------------------------+-------+-------+-------+-------+-------+-------++-------
Melee: Hand axe          |    72 |   171 |   349 |   255 |       |       ||   847
       Headbutt          |     6 |    31 |    62 |   129 |   186 |   112 ||   526
       Battleaxe         |       |       |       |   179 |   231 |       ||   410
       Executioner's axe |       |       |       |   132 |   609 |   453 ||  1194
       Kick              |       |       |       |    14 |    99 |       ||   113
 Abil: Evoke Berserk Rag |       |       |     1 |     3 |     6 |     7 ||    17
Evoke: Wand              |       |       |     4 |    26 |    14 |     2 ||    46
       Fan of gales      |       |       |       |       |       |     1 ||     1
  Use: Potion            |     1 |     3 |       |     5 |    13 |     2 ||    24
       Scroll            |       |     3 |       |    20 |    15 |     8 ||    46
 Stab: Paralysed         |     1 |       |     3 |     4 |     2 |       ||    10
       Sleeping          |     1 |       |       |       |       |       ||     1
       Confused          |       |     1 |     5 |     2 |     3 |       ||    11
       Petrifying        |       |       |     4 |       |     1 |     1 ||     6
       Petrified         |       |       |     4 |       |    14 |     7 ||    25
       Betrayed ally     |       |       |       |       |     1 |       ||     1
       Distracted        |       |       |       |       |     3 |     1 ||     4
  Eat: Chunk             |       |    10 |    17 |    21 |    36 |    19 ||   103
       Meat ration       |       |       |       |     1 |     1 |     2 ||     4
       Bread ration      |       |       |       |     1 |     2 |     4 ||     7
       Royal jelly       |       |       |       |       |     1 |       ||     1
Armor: Leather armour    |    28 |    54 |       |       |       |       ||    82
       Chain mail        |       |    25 |   176 |   309 |   332 |   202 ||  1044
       Plate armour      |       |       |       |       |   111 |    26 ||   137
Dodge: Dodged            |    44 |   100 |   115 |   282 |   430 |   361 ||  1332
Block: Other             |       |       |       |     6 |    10 |       ||    16
